Map: Catalyst LE

Players

Optimus - Winner!

  • Race: Terran Terran
  • Spawn Location: 5:00

Ryosis

  • Race: Zerg Zerg
  • Spawn Location: 11:00

Event: WCS Valencia 2018

VOD

Have the link to the VOD?

Description

Time

  • Played on: July 12, 2018, 7:46 a.m.
  • Length: 13:50

All games in this series

Show
View Real Time Build Order
Export as new Build Order

Optimus Terran - Winner!

Build Orders: MMM Bio 

Get SALT Encoding   

  12  0:00  SCV  
  13  0:13  SCV  
  14  0:17  Supply Depot  
  14  0:25  SCV  
  15  0:29  Refinery  
  15  0:39  SCV  
  16  0:44  Barracks  
  16  0:51  SCV  
  17  1:00  Barracks  
  17  1:05  SCV  
  18  1:18  Barracks  
  18  1:23  SCV  
  19  1:31  Reaper  
  20  1:39  Orbital Command  
  20  1:47  Reaper  
  20  1:53  Refinery  
  21  1:57  Supply Depot  
  21  2:03  Reaper  
  21  2:06  Reaper  
  23  2:17  Supply Depot  
  23  2:18  SCV  
  23  2:21  Reaper  
  25  2:30  SCV  
  25  2:35  Reaper  
  27  2:43  SCV  
  28  2:47  Reaper  
  29  2:53  Reaper  
  29  2:55  SCV  
  31  3:06  Command Center  
  31  3:07  SCV  
  32  3:13  Reaper  
  32  3:19  Reaper  
  35  3:20  SCV  
  35  3:22  Supply Depot  
  35  3:26  Reaper  
  36  3:32  SCV  
  35  3:44  Factory, SCV  
  35  3:47  Barracks Tech Lab  
  36  3:56  SCV  
  37  4:05  Marine x2  
  37  4:06  Marine  
  37  4:07  Stimpack  
  37  4:08  SCV  
  36  4:19  Orbital Command  
  36  4:20  SCV  
  36  4:24  Barracks Reactor  
  36  4:25  Barracks Reactor, Orbital Command  
  36  4:26  Marine  
  36  4:29  Hellion  
  38  4:32  SCV  
  39  4:43  Marine  
  39  4:44  SCV  
  40  4:50  Starport  
  40  4:52  Factory Reactor  
  40  4:54  SCV  
  40  4:56  SCV  
  42  5:04  Marine  
  42  5:05  Marine x4  
  42  5:06  SCV  
  46  5:08  SCV  
  47  5:18  SCV  
  47  5:21  SCV  
  49  5:22  Marine x2  
  49  5:23  Marine x2  
  49  5:24  Marine  
  54  5:30  SCV  
  54  5:33  SCV  
  56  5:36  Medivac, Factory Tech Lab  
  56  5:37  Medivac  
  56  5:40  Marine x2  
  62  5:45  Supply Depot  
  62  5:47  Engineering Bay  
  62  5:48  Engineering Bay  
  62  5:49  Supply Depot  
  62  6:06  SCV x2, Marine x3, Siege Tank  
  62  6:07  Combat Shields  
  62  6:10  Marine x2  
  70  6:18  SCV  
  70  6:21  SCV  
  70  6:22  Command Center  
  70  6:24  Marine x2  
  73  6:26  Refinery  
  73  6:30  SCV  
  73  6:31  Marine x2  
  76  6:33  SCV  
  77  6:42  SCV  
  77  6:43  Terran Infantry Weapons Level 1, Barracks  
  77  6:44  Terran Infantry Armor Level 1  
  77  6:45  Barracks  
  78  6:53  Marine  
  78  7:00  Supply Depot x2  
  78  7:01  SCV x2, Marine x2  
  82  7:08  Siege Tank  
  85  7:09  Marine  
  85  7:13  Supply Depot, Refinery  
  86  7:21  Marine x2  
  86  7:22  SCV x2  
  90  7:29  Concussive Shells, Marauder  
  92  7:33  Barracks Tech Lab x2  
  92  7:34  SCV x2  
  95  7:41  Orbital Command  
  94  7:45  Supply Depot, Medivac x2  
  94  7:46  SCV x2, Marine  
  94  7:47  Marine  
  94  7:48  Marine  
  103  7:53  Marauder  
  103  7:56  Marauder  
  107  8:00  Marauder  
  107  8:03  Siege Tank  
  108  8:19  Marauder x2  
  112  8:20  Marine x3  
  112  8:21  Marine  
  112  8:22  Armory  
  112  8:25  Supply Depot  
  112  8:26  Supply Depot  
  115  8:28  Orbital Command  
  115  8:30  Marauder  
  115  8:33  SCV x2  
  118  8:37  Siege Tank  
  118  8:40  Marine x3, Marauder  
  126  8:42  Supply Depot  
  126  8:45  SCV  
  126  8:47  SCV  
  128  8:52  Marauder x2  
  132  8:57  SCV  
  132  9:00  SCV  
  132  9:01  Marine x3  
  132  9:02  Marine, Marauder  
  139  9:09  SCV  
  139  9:12  SCV  
  139  9:14  Terran Infantry Weapons Level 2, Terran Infantry Armor Level 2  
  140  9:19  Orbital Command  
  140  9:20  Marine x2  
  140  9:21  SCV, Marine  
  140  9:22  Supply Depot  
  144  9:25  SCV  
  145  9:32  Siege Tank  
  145  9:33  SCV  
  145  9:37  Marauder  
  151  9:49  Medivac x2  
  154  9:53  SCV x2, Marine x2  
  154  9:56  Orbital Command  
  154  9:58  Marine x2  
  157  10:00  Marauder x2  
  157  10:01  Marauder  
  163  10:07  Missile Turret  
  163  10:13  Missile Turret  
  163  10:16  SCV x2  
  165  10:25  Missile Turret  
  165  10:36  Marine x2  
  165  10:37  Marine  
  165  10:39  SCV x2  
  165  10:42  Marine, Marauder  
  165  10:45  SCV  
  160  10:51  SCV  
  160  10:54  Marine x2  
  158  10:58  Medivac x2  
  158  11:02  Refinery  
  158  11:03  Command Center, Refinery  
  162  11:05  Marine x2  
  164  11:15  Marauder  
  164  11:18  Marine  
  164  11:20  Supply Depot  
  164  11:22  Supply Depot  
  164  11:23  Marine  
  164  11:24  SCV  
  164  11:25  SCV  
  164  11:26  Marauder  
  164  11:29  SCV  
  164  11:32  Siege Tank  
  164  11:36  SCV  
  165  11:41  SCV  
  165  11:42  SCV  
  165  11:46  Medivac x2, Marine x3  
  174  11:47  Marauder  
  174  11:48  SCV  
  174  11:50  Supply Depot  
  181  12:00  SCV  
  181  12:04  SCV  
  181  12:06  SCV  
  178  12:15  SCV  
  179  12:16  SCV  
  179  12:18  SCV  
  180  12:25  Marauder x2  
  180  12:27  SCV  
  171  12:44  SCV x2, Marine x2  
  171  12:45  Command Center, Marauder  
  171  12:46  Marauder  
  171  12:49  Marine x2  
  171  12:50  Marauder  
  178  12:56  SCV  
  178  12:58  Orbital Command  
  179  13:03  Marine x2  
  180  13:06  Marauder  
  180  13:09  Marine x3  
  180  13:10  SCV  
  180  13:12  SCV  
  186  13:17  Marine  
  184  13:21  Marine x2  
  184  13:22  SCV  
  184  13:25  SCV x2  
  187  13:27  Marine x2  
  187  13:29  Marine  
  187  13:32  Marine  
Show
View Real Time Build Order
Export as new Build Order

Ryosis Zerg 

Build Orders: Hatch First 

Get SALT Encoding   

  12  0:00  Drone  
  13  0:12  Overlord  
  13  0:17  Drone  
  14  0:31  Drone x2  
  14  0:35  Drone  
  17  0:52  Hatchery  
  17  0:55  Drone  
  17  0:57  Drone  
  18  1:09  Extractor  
  17  1:12  Spawning Pool  
  17  1:16  Drone  
  17  1:19  Drone  
  18  1:28  Drone  
  19  1:38  Overlord  
  19  1:49  Drone  
  20  1:59  Queen  
  20  2:01  Zergling x2  
  23  2:04  Zergling x2  
  23  2:05  Queen  
  26  2:10  Metabolic Boost  
  26  2:11  Drone  
  27  2:15  Drone  
  27  2:21  Drone  
  29  2:25  Drone  
  30  2:37  Hatchery  
  30  2:39  Zergling x2  
  30  2:42  Zergling x2  
  29  2:50  Zergling x2  
  30  2:51  Queen  
  30  2:57  Overlord  
  32  3:00  Zergling x2  
  32  3:01  Zergling x2  
  33  3:09  Zergling x2  
  33  3:10  Zergling x2  
  34  3:17  Zergling x2  
  34  3:18  Zergling x4  
  37  3:23  Zergling x4  
  40  3:34  Drone x2  
  40  3:40  Drone  
  42  3:44  Drone  
  42  3:47  Drone  
  42  3:48  Drone, Roach Warren  
  43  3:49  Drone  
  43  3:53  Drone  
  43  3:55  Drone  
  47  3:57  Drone  
  47  4:01  Drone  
  48  4:06  Drone x2  
  48  4:09  Drone x2  
  49  4:12  Drone  
  49  4:22  Extractor  
  49  4:23  Extractor  
  46  4:27  Drone x3  
  46  4:28  Overlord  
  49  4:32  Overlord  
  49  4:36  Lair  
  49  4:43  Overlord  
  49  4:50  Overlord, Queen  
  49  4:51  Drone x4  
  55  4:54  Drone  
  55  4:57  Drone x2  
  55  4:59  Drone  
  53  5:04  Zergling x2  
  53  5:05  Drone x2  
  55  5:07  Drone  
  55  5:14  Evolution Chamber x2, Drone  
  54  5:20  Roach  
  54  5:21  Roach  
  59  5:22  Roach  
  59  5:28  Roach x3  
  67  5:32  Drone  
  68  5:35  Glial Reconstitution  
  68  5:37  Overlord, Drone  
  68  5:38  Drone  
  68  5:41  Drone x2  
  72  5:45  Zerg Missile Weapons Level 1  
  72  5:49  Zerg Ground Armor Level 1  
  72  5:52  Overlord  
  72  5:53  Drone  
  72  5:56  Drone x2  
  75  5:57  Drone  
  75  5:58  Drone  
  75  6:00  Drone  
  75  6:02  Drone  
  79  6:05  Overlord  
  79  6:06  Drone x2  
  79  6:09  Drone  
  82  6:12  Overlord  
  82  6:13  Drone x2  
  82  6:14  Drone  
  82  6:16  Drone  
  82  6:17  Drone  
  87  6:22  Extractor  
  87  6:23  Extractor x2  
  87  6:24  Roach x2  
  88  6:27  Overlord  
  88  6:34  Drone x4  
  88  6:37  Overlord  
  88  6:38  Roach x3  
  98  6:44  Roach  
  100  6:48  Roach x4  
  100  6:52  Overlord  
  100  6:53  Roach  
  108  6:54  Roach  
  108  6:59  Overlord  
  108  7:00  Queen  
  108  7:05  Overlord  
  108  7:06  Roach x2  
  112  7:12  Overlord  
  112  7:15  Roach x3  
  118  7:18  Overlord  
  118  7:20  Roach x2  
  122  7:23  Queen  
  122  7:26  Roach x2  
  122  7:28  Overlord  
  126  7:31  Roach x2  
  126  7:34  Overlord  
  130  7:38  Overlord  
  130  7:39  Roach  
  130  7:40  Roach  
  130  7:43  Overlord  
  134  7:45  Roach x2  
  134  7:47  Ravager x5  
  134  7:50  Overlord  
  144  7:51  Roach  
  144  7:53  Roach  
  144  7:57  Ravager x3  
  149  8:00  Roach x2  
  149  8:01  Roach  
  155  8:06  Roach x3  
  159  8:14  Drone x2  
  159  8:17  Roach x4  
  169  8:23  Ravager x6  
  169  8:24  Roach  
  169  8:25  Roach  
  179  8:33  Roach  
  181  8:34  Roach  
  181  8:38  Burrow  
  181  8:41  Hatchery  
  180  8:42  Tunneling Claws  
  180  8:46  Roach  
  182  8:48  Overlord  
  182  8:49  Roach x2  
  186  8:58  Overlord  
  186  9:04  Overlord  
  186  9:10  Roach x4  
  186  9:11  Zerg Missile Weapons Level 2  
  186  9:16  Zerg Ground Armor Level 2  
  194  9:18  Overlord  
  194  9:21  Roach  
  194  9:22  Roach x2  
  200  9:26  Overlord  
  200  9:33  Overlord  
  200  9:40  Overlord  
  200  9:44  Roach  
  200  9:45  Roach x8  
  199  9:51  Roach x4  
  197  9:56  Ravager x2  
  197  9:57  Overlord, Ravager  
  200  10:05  Overlord  
  198  10:12  Overlord  
  198  10:13  Ravager  
  198  10:14  Ravager  
  200  10:15  Overlord, Roach x4  
  200  10:20  Roach  
  200  10:21  Roach x2  
  200  10:22  Roach x2  
  200  10:23  Infestation Pit  
  200  10:24  Drone  
  200  10:26  Extractor, Spire, Drone x2  
  200  10:27  Extractor, Overlord  
  195  10:30  Drone x2  
  187  10:36  Drone x10  
  187  10:42  Drone  
  190  10:43  Drone x2  
  190  10:44  Drone  
  190  10:45  Roach  
  190  10:48  Drone  
  188  10:52  Drone x2  
  186  10:57  Drone  
  186  11:01  Overlord  
  186  11:02  Roach x4  
  185  11:04  Overlord  
  185  11:10  Ravager  
  182  11:18  Overlord  
  179  11:19  Drone x2  
  179  11:20  Drone x3  
  179  11:24  Drone x2  
  179  11:26  Queen  
  179  11:30  Drone  
  178  11:33  Hive  
  178  11:36  Drone x2  
  178  11:37  Roach, Drone  
  181  11:40  Drone x2  
  181  11:44  Drone x2  
  181  11:45  Drone  
  181  11:46  Drone  
  187  11:49  Overseer  
  187  11:52  Drone  
  187  11:53  Spore Crawler  
  187  11:54  Drone  
  187  11:57  Spore Crawler  
  187  11:58  Roach x2  
  191  12:01  Drone x2  
  191  12:03  Drone x2  
  191  12:05  Roach x2  
  191  12:19  Overlord  
  191  12:20  Corruptor x4  
  199  12:36  Corruptor  
  187  12:37  Corruptor x3  
  187  12:43  Roach x4  
  187  12:44  Roach x2  
  180  12:47  Roach  
  180  12:50  Roach x3  
  180  13:01  Overlord  
  180  13:02  Roach x2  
  174  13:05  Overlord  
  174  13:09  Roach x2  
  168  13:17  Overlord  
  158  13:23  Roach x10  
  172  13:28  Ravager  
  172  13:29  Ravager  
  157  13:36  Ravager x2  
Tags
 
Composition
MMM Bio
Matchup
TvZ
Spawn Locations
Cross Positions
Add a new tag
Caveats
  • Supply blocks, unpowered buildings, or Contaminate may cause inaccurate times.
  • Supply counts are checked every 10 seconds.